Map: Dusk Towers

Players

Miszu - Winner!

  • Race: Terran Terran
  • League: Master

ChefSegpa

  • Race: Terran Terran
  • League: Master

VOD

Have the link to the VOD?

Description

Time

  • Played on: April 22, 2016, 3:33 p.m.
  • Length: 8:38
Show
View Real Time Build Order
Export as new Build Order

Miszu Terran - Winner!

Build Orders: Liberator Opening, MMM Bio 

Get SALT Encoding   

  12  0:00  SCV  
  13  0:12  SCV  
  14  0:17  Supply Depot  
  14  0:24  SCV  
  14  0:27  Refinery  
  15  0:39  SCV  
  16  0:45  Barracks  
  16  0:51  SCV  
  16  0:55  Refinery  
  17  1:03  SCV  
  18  1:15  SCV  
  19  1:27  SCV  
  20  1:33  Factory  
  20  1:34  Reaper  
  21  1:41  Orbital Command  
  21  1:50  Supply Depot  
  21  2:06  Reaper  
  21  2:08  SCV  
  23  2:17  Hellion  
  23  2:22  SCV  
  25  2:38  Reaper, SCV  
  25  2:39  Hellion  
  29  2:45  Supply Depot  
  29  2:55  SCV  
  29  2:57  Starport  
  30  3:06  Hellion  
  30  3:10  Reaper  
  33  3:17  Liberator  
  31  3:28  Hellion, SCV  
  33  3:38  Supply Depot  
  36  3:43  Reaper  
  35  4:07  SCV  
  36  4:14  Hellion  
  38  4:19  SCV  
  39  4:28  Command Center  
  39  4:29  Barracks Reactor, Starport Tech Lab  
  39  4:46  SCV  
  40  4:56  Factory Tech Lab  
  40  4:57  Barracks  
  40  4:59  Barracks  
  35  5:13  SCV  
  32  5:17  Marine  
  32  5:18  Marine  
  32  5:19  Siege Tank  
  37  5:26  SCV  
  36  5:35  Marine  
  36  5:36  Marine  
  36  5:38  SCV  
  39  5:45  Barracks Tech Lab  
  39  5:50  SCV  
  39  5:53  Marine  
  39  5:54  Starport Reactor, Marine  
  39  5:56  Orbital Command  
  39  5:58  Barracks Tech Lab  
  39  6:02  SCV  
  40  6:05  Refinery x2  
  40  6:06  Stimpack  
  40  6:09  Combat Shields  
  40  6:11  Marine x2  
  40  6:17  Siege Tank  
  45  6:19  SCV  
  48  6:27  SCV  
  48  6:29  Marine  
  49  6:33  Medivac x2  
  49  6:36  SCV  
  49  6:39  SCV  
  54  6:40  Supply Depot  
  54  6:41  Marine  
  54  6:46  Marine  
  56  6:48  Marine, SCV  
  56  6:51  SCV  
  56  6:53  Marine  
  60  6:58  Marine  
  60  7:00  SCV  
  62  7:03  Medivac x2, SCV  
  62  7:04  Marine  
  68  7:12  Supply Depot, SCV  
  68  7:13  Marine  
  70  7:29  Marine, SCV  
  70  7:33  Marine x3, SCV  
  72  7:40  Medivac, Siege Tank  
  72  7:41  SCV  
  78  7:45  Supply Depot  
  78  7:53  Command Center  
  78  7:54  Marine x3, Medivac, SCV x2  
  78  7:55  Marine  
  86  8:12  Marine  
  79  8:18  Marine x3  
Show
View Real Time Build Order
Export as new Build Order

ChefSegpa Terran 

Build Orders:  

Get SALT Encoding   

  12  0:01  SCV  
  13  0:13  SCV  
  14  0:18  Supply Depot  
  14  0:32  Refinery  
  14  0:40  Barracks  
  14  0:54  Barracks  
  14  0:58  SCV  
  15  1:10  SCV  
  17  1:27  Orbital Command  
  17  1:28  Reaper  
  17  1:35  Refinery  
  17  1:42  Reaper  
  18  1:54  SCV  
  18  2:00  Reaper  
  20  2:06  SCV  
  20  2:08  Supply Depot  
  21  2:16  Reaper  
  21  2:18  SCV  
  23  2:30  SCV  
  24  2:37  Reaper  
  24  2:41  Factory  
  24  2:42  SCV  
  25  2:54  SCV  
  26  3:01  Supply Depot  
  26  3:07  SCV  
  27  3:19  SCV  
  26  3:27  Hellion  
  26  3:31  Starport, SCV  
  27  3:34  Bunker  
  27  3:43  SCV  
  28  3:50  Hellion, Command Center  
  30  3:55  SCV  
  29  4:06  Marine  
  29  4:07  SCV  
  31  4:14  Factory Tech Lab  
  31  4:15  Viking  
  34  4:34  Barracks Tech Lab  
  34  4:35  Barracks Tech Lab  
  34  4:36  Supply Depot  
  34  4:37  SCV  
  32  4:52  SCV  
  30  4:53  Marauder  
  18  5:35  Marauder x2  
  22  5:40  SCV  
  23  5:44  SCV  
  23  5:53  SCV  
  20  6:11  Siege Tank  
  23  6:18  Medivac  
  25  6:27  SCV  
  25  6:30  Orbital Command  
  26  6:34  Marine  
  26  6:37  Marine  
  28  6:43  SCV  
  29  6:52  Viking  
  31  7:01  SCV x2  
  33  7:06  Marauder  
  35  7:13  SCV  
  36  7:16  SCV  
  37  7:25  SCV  
  37  7:27  Marine  
  37  7:28  Marine, SCV  
  37  7:37  SCV  
  37  7:40  SCV  
  39  7:49  SCV  
  40  7:52  SCV  
  40  7:54  Siege Tank  
  40  7:58  Marine x2  
  46  8:01  SCV  
  46  8:04  SCV  
Tags
 
Composition
MMM Bio
Matchup
TvT
Race
Terran
Add a new tag
Caveats
  • Supply blocks, unpowered buildings, or Contaminate may cause inaccurate times.
  • Supply counts are checked every 10 seconds.